Panthers vs Rangers
(R1)
Created - December 21, 2024 at 23:14
Goals
|
| Panthers |
2 |
1 |
0 |
1 |
4 |
| Rangers |
1 |
2 |
0 |
0 |
3 |
|
Shots
|
| Panthers |
7 |
12 |
12 |
1 |
32 |
| Rangers |
14 |
16 |
3 |
2 |
35 |
|
1st period
1. Panthers , Nikolay Goldobin 2 (Danny DeKeiser 6, Jordan Szwarz 8) at 15:06
2. Panthers , Jordan Szwarz 2 (Miro Aaltonen 6) at 16:47
3. Rangers , Milan Lucic 14 (Sean Couturier 9, Cale Makar 23) at 18:46
Penalties :
Griffin Reinhart (Flo) for Holding (Minor) at 0:52, Aleksander Barkov (Flo) for Tripping (Minor) at 1:19, Steven Santini (NyR) for Tripping (Minor) at 6:30, Dmitry Kulikov (NyR) for Slashing (Minor) at 12:37, Milan Lucic (NyR) for Roughing (Minor) at 19:10
2nd period
4. Rangers , Devante Smith-Pelly 8 (Milan Lucic 12, Sean Couturier 10) at 2:46
5. Panthers , Matt Duchene 14 (Radim Simek 3) at 4:02
6. Rangers , Dmitry Kulikov 2 (Mikhail Sergachev 10, Henrik Samuelsson 5) at 15:17
Penalties :
Niklas Hansson (Flo) for Hooking (Minor) at 7:56, Henrik Samuelsson (NyR) for Delaying the game (Minor) at 17:00, Drake Batherson (Flo) for Tripping (Minor) at 19:43
3rd period
No Goal
Penalties :
Milan Lucic (NyR) for Hooking (Minor) at 10:52, Ryan Strome (NyR) for Holding Stick (Minor) at 16:09
Overtime #1
7. Panthers , Drake Batherson 7 (Aleksander Barkov 12, Matt Duchene 16) at 4:01
Penalties :
No Penalty
Goalie Stats
Brandon Halverson (Flo), 32 saves from 35 shots - (0.914), W, 3-2-0, 64:01 minutes
Samuel Montembeault (NyR), 28 saves from 32 shots - (0.875), OTL, 6-7-5, 64:01 minutes
Players Stats for Panthers
Player Name G A P +/- PIM S H SB GA TA FO MP PP MP PK MP
------------------------------------------------------------------------------------
Aleksander Barkov 0 1 1 1 2 1 0 0 1 1 7/16 21:27 5:10 2:41
Alex Pietrangelo 0 0 0 1 0 3 2 3 2 1 0/0 31:59 7:52 3:03
Chris Bourque 0 0 0 -1 0 1 2 0 0 0 0/0 6:14 0:00 1:03
Danny DeKeiser 0 1 1 -1 0 2 0 2 0 1 0/0 25:05 7:52 2:32
Derick Brassard 0 0 0 -1 0 3 3 0 2 0 3/4 21:06 6:44 0:00
Dmitrij Jaskin 0 0 0 -1 0 1 0 0 0 1 1/1 5:45 0:00 0:06
Dominik Kahun 0 0 0 -1 0 0 2 0 0 1 1/1 6:38 0:00 0:47
Drake Batherson 1 0 1 1 2 1 0 1 0 1 0/0 19:15 5:10 0:00
Filip Hronek 0 0 0 -2 0 2 1 0 0 1 0/0 12:33 0:00 0:43
Griffin Reinhart 0 0 0 1 2 0 1 0 0 0 0/0 14:54 4:02 0:48
Jordan Szwarz 1 1 2 2 0 2 1 0 0 1 0/0 11:43 0:00 1:35
Matt Duchene 1 1 2 -1 0 8 4 1 0 0 15/28 22:47 6:44 0:00
Miro Aaltonen 0 1 1 2 0 1 1 0 0 0 6/7 12:06 0:00 2:18
Niklas Hansson 0 0 0 1 2 0 2 3 1 1 0/0 25:51 4:02 3:03
Nikolay Goldobin 1 0 1 2 0 1 0 0 0 0 0/0 9:55 0:00 0:09
Pavel Buchnevich 0 0 0 0 0 5 3 0 1 0 0/2 17:34 5:10 0:00
Radim Simek 0 1 1 1 0 0 0 1 0 0 0/0 13:27 0:00 2:32
Tyler Toffoli 0 0 0 -1 0 1 2 2 1 0 2/7 25:43 6:44 2:43
Players Stats for Rangers
Player Name G A P +/- PIM S H SB GA TA FO MP PP MP PK MP
------------------------------------------------------------------------------------
Cale Makar 0 1 1 0 0 2 1 2 1 1 0/0 25:32 3:00 2:03
Casey Mittelstadt 0 0 0 -1 0 0 1 0 0 0 3/7 12:53 0:39 4:08
Connor Chatam 0 0 0 -1 0 0 1 1 0 0 0/0 7:45 0:56 0:00
David Pope 0 0 0 0 0 0 1 0 1 0 0/0 10:40 0:54 2:43
Devante Smith-Pelly 1 0 1 0 0 4 0 0 1 1 1/1 17:29 1:52 0:00
Dmitry Kulikov 1 0 1 1 2 1 1 2 0 0 0/0 20:44 2:37 4:35
Henrik Samuelsson 0 1 1 0 2 1 2 1 0 0 6/11 13:45 0:00 6:09
Jake McCabe 0 0 0 -1 0 5 2 1 1 1 0/0 28:39 1:25 6:49
Mikhail Sergachev 0 1 1 1 0 1 3 0 0 2 0/0 24:14 4:12 6:31
Milan Lucic 1 1 2 0 4 9 4 2 3 0 0/1 25:07 2:33 4:31
Oliver Bjorkstrand 0 0 0 0 0 0 0 0 0 0 1/1 7:13 0:22 0:00
Ondrej Palat 0 0 0 0 0 4 3 0 1 0 0/1 15:10 2:57 0:19
Patrik Nemeth 0 0 0 -1 0 1 0 0 1 0 0/0 10:03 0:47 0:00
Ryan Strome 0 0 0 0 2 0 1 2 0 0 0/3 20:36 3:29 3:20
Samuel Blais 0 0 0 -1 0 0 1 0 0 2 0/0 7:10 0:00 0:00
Sean Couturier 0 2 2 1 0 5 2 0 0 0 16/28 22:52 2:33 2:38
Steven Santini 0 0 0 -1 2 1 2 0 0 0 0/0 14:58 0:47 3:50
Tomas Hertl 0 0 0 0 0 1 2 1 0 1 4/13 15:13 2:57 0:00
3 Stars
1 - Jordan Szwarz (Flo)
2 - Matt Duchene (Flo)
3 - Nikolay Goldobin (Flo)
Power Play
Panthers - 0 on 5 Attempt(s) - 0.00%
Rangers - 0 on 5 Attempt(s) - 0.00%
Penalty Kill
Panthers - 5 on 5 Attempt(s) - 100.00%
- Score 0 goal in Penalty Kill
Rangers - 5 on 5 Attempt(s) - 100.00%
- Score 0 goal in Penalty Kill
Team Stat
Panthers - Hits : 24 - Faceoff Wins : 35 - Blocked Shots : 13 - Penalty Minutes : 8
Rangers - Hits : 27 - Faceoff Wins : 31 - Blocked Shots : 12 - Penalty Minutes : 12
Official
Referees : Francois St. Laurent and Kyle Rehman
Linesman : Andrew Smith and Trent Knorr
Game Notes
5:10 of 2nd period - Penalty Shot by Filip Hronek for Panthers - Stopped by Samuel Montembeault
Finance
Level 1 -- Attendance: 5875 (97.92%) -- Ticket Income $587,500
Level 2 -- Attendance: 4360 (87.20%) -- Ticket Income $305,200
Level 3 -- Attendance: 2000 (100.00%) -- Ticket Income $80,000
Level 4 -- Attendance: 3483 (87.08%) -- Ticket Income $104,490
Luxury Box -- Attendance: 1000 (100.00%) -- Ticket Income $200,000
Game was played at the Madison Square Garden.
Total Attendance: 16718 (92.88%)
Total Ticket Income: $1,277,190
Other Income: $191,578
Total Income: $1,468,768
Panthers
5 vs 5 Forward
Center Left Wing Right Wing Time % Phy DF OF
1 Matt Duchene Derick Brassard Tyler Toffoli 40 1 2 2
2 Aleksander Barkov Pavel Buchnevich Drake Batherson 30 1 2 2
3 Miro Aaltonen Nikolay Goldobin Jordan Szwarz 20 1 2 2
4 Dominik Kahun Chris Bourque Dmitrij Jaskin 10 1 2 2
5 vs 5 Defense
Defense Defense Time % Phy DF OF
1 Alex Pietrangelo Niklas Hansson 40 1 2 2
2 Danny DeKeiser Filip Hronek 30 1 2 2
3 Griffin Reinhart Radim Simek 20 1 2 2
4 Alex Pietrangelo Niklas Hansson 10 1 2 2
PowerPlay Forward
Center Left Wing Right Wing Time % Phy DF OF
1 Matt Duchene Derick Brassard Tyler Toffoli 60 0 1 4
2 Aleksander Barkov Pavel Buchnevich Drake Batherson 40 0 1 4
PowerPlay Defense
Defense Defense Time % Phy DF OF
1 Alex Pietrangelo Danny DeKeiser 60 0 2 3
2 Niklas Hansson Griffin Reinhart 40 0 2 3
Penalty Kill 4 Players Forward
Center Wing Time % Phy DF OF
1 Aleksander Barkov Tyler Toffoli 60 1 3 1
2 Miro Aaltonen Jordan Szwarz 40 1 3 1
Penalty Kill 4 Players Defense
Defense Defense Time % Phy DF OF
1 Alex Pietrangelo Niklas Hansson 60 1 4 0
2 Danny DeKeiser Radim Simek 40 1 4 0
Penalty Kill - 3 Players Forward
Forward Time % Phy DF OF
1 Tyler Toffoli 60 1 3 1
2 Aleksander Barkov 40 1 3 1
Penalty Kill - 3 Players Defense
Defense Defense Time % Phy DF OF
1 Alex Pietrangelo Niklas Hansson 60 1 3 1
2 Danny DeKeiser Radim Simek 40 1 3 1
4 vs 4 Forward
Center Wing Time % Phy DF OF
1 Matt Duchene Tyler Toffoli 60 0 2 3
2 Aleksander Barkov Pavel Buchnevich 40 1 2 2
4 vs 4 Defense
Defense Defense Time % Phy DF OF
1 Alex Pietrangelo Danny DeKeiser 60 1 2 2
2 Niklas Hansson Griffin Reinhart 40 1 2 2
Last Minutes Offensive
Center Left Wing Right Wing Defense Defense
Matt Duchene Pavel Buchnevich Tyler Toffoli Alex Pietrangelo Griffin Reinhart
Last Minutes Defensive
Center Left Wing Right Wing Defense Defense
Aleksander Barkov Derick Brassard Tyler Toffoli Danny DeKeiser Niklas Hansson
Goaltenders
Starting : Brandon Halverson
Backup : Ville Husso
Extra Forwards
Normal : Aleksander Barkov, Tyler Toffoli, Matt Duchene - PP : Drake Batherson, Matt Duchene - PK : Miro Aaltonen
Extra Defensemen
Normal : Filip Hronek, Alex Pietrangelo, Niklas Hansson - PP : Alex Pietrangelo - PK : Radim Simek, Niklas Hansson
Penalty Shots
Drake Batherson, Tyler Toffoli, Pavel Buchnevich, Matt Duchene, Aleksander Barkov
Custom OT Lines Forwards
Matt Duchene, Tyler Toffoli, Aleksander Barkov, Drake Batherson, Pavel Buchnevich, Jordan Szwarz, Miro Aaltonen, Derick Brassard, Nikolay Goldobin, Chris Bourque
Custom OT Lines Defensemen
Alex Pietrangelo, Danny DeKeiser, Niklas Hansson, Griffin Reinhart, Filip Hronek
Scratches
Zac Rinaldo (Healthy)
Rangers
5 vs 5 Forward
Center Left Wing Right Wing Time % Phy DF OF
1 Sean Couturier Milan Lucic Devante Smith-Pelly 40 1 2 2
2 Tomas Hertl Ondrej Palat Ryan Strome 30 1 2 2
3 Casey Mittelstadt Samuel Blais Connor Chatam 20 1 2 2
4 Henrik Samuelsson David Pope Oliver Bjorkstrand 10 1 2 2
5 vs 5 Defense
Defense Defense Time % Phy DF OF
1 Cale Makar Jake McCabe 45 1 2 2
2 Dmitry Kulikov Mikhail Sergachev 30 1 2 2
3 Steven Santini Patrik Nemeth 24 1 2 2
4 Cale Makar Jake McCabe 1 1 2 2
PowerPlay Forward
Center Left Wing Right Wing Time % Phy DF OF
1 Sean Couturier Milan Lucic Ryan Strome 60 1 1 3
2 Tomas Hertl Ondrej Palat Devante Smith-Pelly 40 1 1 3
PowerPlay Defense
Defense Defense Time % Phy DF OF
1 Cale Makar Mikhail Sergachev 60 1 2 2
2 Jake McCabe Dmitry Kulikov 40 1 2 2
Penalty Kill 4 Players Forward
Center Wing Time % Phy DF OF
1 Henrik Samuelsson Milan Lucic 60 1 2 2
2 Sean Couturier Casey Mittelstadt 40 1 2 2
Penalty Kill 4 Players Defense
Defense Defense Time % Phy DF OF
1 Jake McCabe Mikhail Sergachev 60 1 2 2
2 Dmitry Kulikov Steven Santini 40 1 2 2
Penalty Kill - 3 Players Forward
Forward Time % Phy DF OF
1 Sean Couturier 60 1 2 2
2 Casey Mittelstadt 40 1 2 2
Penalty Kill - 3 Players Defense
Defense Defense Time % Phy DF OF
1 Jake McCabe Mikhail Sergachev 60 1 2 2
2 Dmitry Kulikov Steven Santini 40 1 2 2
4 vs 4 Forward
Center Wing Time % Phy DF OF
1 Sean Couturier Milan Lucic 60 1 2 2
2 Tomas Hertl Ondrej Palat 40 1 2 2
4 vs 4 Defense
Defense Defense Time % Phy DF OF
1 Cale Makar Jake McCabe 60 1 2 2
2 Mikhail Sergachev Dmitry Kulikov 40 1 2 2
Last Minutes Offensive
Center Left Wing Right Wing Defense Defense
Tomas Hertl Milan Lucic Ryan Strome Jake McCabe Cale Makar
Last Minutes Defensive
Center Left Wing Right Wing Defense Defense
Sean Couturier Milan Lucic Casey Mittelstadt Jake McCabe Dmitry Kulikov
Goaltenders
Starting : Samuel Montembeault
Backup : Eric Comrie
Extra Forwards
Normal : Ryan Strome, Ondrej Palat, Henrik Samuelsson - PP : Ryan Strome, Ondrej Palat - PK : Ryan Strome
Extra Defensemen
Normal : Jake McCabe, Mikhail Sergachev, Cale Makar - PP : Mikhail Sergachev - PK : Jake McCabe, Mikhail Sergachev
Penalty Shots
Milan Lucic, Sean Couturier, Tomas Hertl, Devante Smith-Pelly, Ryan Strome
Custom OT Lines Forwards
Milan Lucic, Sean Couturier, Tomas Hertl, Devante Smith-Pelly, Ryan Strome, Ondrej Palat, Henrik Samuelsson, Oliver Bjorkstrand, David Pope, Samuel Blais
Custom OT Lines Defensemen
Jake McCabe, Cale Makar, Dmitry Kulikov, Patrik Nemeth, Mikhail Sergachev
Scratches
Seth Griffith (Healthy), Stefan Noesen (Healthy), Vince Dunn (Healthy)
% Time on Ice - Panthers
Lines # - Real PCT - Wanted PCT - Time Play
Normal Forward
1 - 35% - 40% - 14:40
2 - 29% - 30% - 12:17
3 - 23% - 20% - 9:43
4 - 12% - 10% - 5:02
Normal Defense
1 - 43% - 40% - 18:02
2 - 32% - 30% - 13:26
3 - 23% - 20% - 9:24
4 - 2% - 10% - 0:50
PP Forward
1 - 57% - 60% - 6:44
2 - 43% - 40% - 5:10
PP Defense
1 - 66% - 60% - 7:52
2 - 34% - 40% - 4:02
PK Forward
1 - 66% - 60% - 3:12
2 - 34% - 40% - 1:40
PK Defense
1 - 59% - 60% - 2:52
2 - 41% - 40% - 2:00
PK3 Forward
1 - 62% - 60% - 0:57
2 - 38% - 40% - 0:35
PK3 Defense
1 - 65% - 60% - 1:00
2 - 35% - 40% - 0:32
44 Forward
1 - 0% - 60%
2 - 0% - 40%
44 Defense
1 - 0% - 60%
2 - 0% - 40%
Last Minute Offensive - 0:00
Last Minute Defensive - 0:00
Total
Forward - 60:00
Defense - 60:00
|
% Time on Ice - Rangers
Lines # - Real PCT - Wanted PCT - Time Play
Normal Forward
1 - 41% - 40% - 16:55
2 - 27% - 30% - 11:07
3 - 16% - 20% - 6:49
4 - 16% - 10% - 6:51
Normal Defense
1 - 48% - 45% - 19:57
2 - 30% - 30% - 12:37
3 - 22% - 24% - 9:08
4 - 0% - 1% - 0:00
PP Forward
1 - 45% - 60% - 2:51
2 - 55% - 40% - 3:33
PP Defense
1 - 78% - 60% - 4:59
2 - 22% - 40% - 1:25
PK Forward
1 - 79% - 60% - 9:23
2 - 21% - 40% - 2:31
PK Defense
1 - 55% - 60% - 6:31
2 - 45% - 40% - 5:23
PK3 Forward
1 - 0% - 60%
2 - 0% - 40%
PK3 Defense
1 - 0% - 60%
2 - 0% - 40%
44 Forward
1 - 0% - 60%
2 - 0% - 40%
44 Defense
1 - 0% - 60%
2 - 0% - 40%
Last Minute Offensive - 0:00
Last Minute Defensive - 0:00
Total
Forward - 60:00
Defense - 60:00
|
Play-by-Play
1st period
0:01 of 1st period - Derick Brassard wins face-off versus Sean Couturier in neutral zone.
0:31 of 1st period - Jake McCabe is hit by Filip Hronek and loses puck.
0:49 of 1st period - Off-side.
0:50 of 1st period - Miro Aaltonen wins face-off versus Casey Mittelstadt in neutral zone.
0:52 of 1st period - Minor Penalty to Griffin Reinhart for Holding.
0:53 of 1st period - Sean Couturier wins face-off versus Aleksander Barkov in Panthers zone.
0:55 of 1st period - Slapshot by Milan Lucic.
0:55 of 1st period - Stopped by Brandon Halverson without a rebound.
0:56 of 1st period - Tyler Toffoli wins face-off versus Sean Couturier in Panthers zone.
1:19 of 1st period - Minor Penalty to Aleksander Barkov for Tripping.
1:20 of 1st period - Tomas Hertl wins face-off versus Tyler Toffoli in Panthers zone.
1:27 of 1st period - Snap shot by Ondrej Palat.
1:27 of 1st period - Stopped by Brandon Halverson with a rebound.
1:29 of 1st period - Slapshot by Tomas Hertl.
1:29 of 1st period - Shot Misses the Net.
1:31 of 1st period - Slapshot by Dmitry Kulikov.
1:31 of 1st period - Deflect By Devante Smith-Pelly.
1:31 of 1st period - Stopped by Brandon Halverson without a rebound.
1:32 of 1st period - Tyler Toffoli wins face-off versus Sean Couturier in Panthers zone.
1:45 of 1st period - Wrist shot by Sean Couturier.
1:45 of 1st period - Shot Misses the Net.
1:59 of 1st period - Tyler Toffoli is hit by Ondrej Palat and loses puck.
2:52 of 1st period - Penalty to Griffin Reinhart is over, Griffin Reinhart is back on ice.
3:19 of 1st period - Penalty to Aleksander Barkov is over, Aleksander Barkov is back on ice.
4:59 of 1st period - Wrist shot by Sean Couturier.
4:59 of 1st period - Stopped by Brandon Halverson without a rebound.
5:00 of 1st period - Casey Mittelstadt wins face-off versus Matt Duchene in Panthers zone.
5:36 of 1st period - Niklas Hansson is hit by Steven Santini and loses puck.
6:20 of 1st period - Off-side.
6:21 of 1st period - Matt Duchene wins face-off versus Casey Mittelstadt in neutral zone.
6:28 of 1st period - Slapshot by Matt Duchene.
6:28 of 1st period - Stopped by Samuel Montembeault with a rebound.
6:30 of 1st period - Minor Penalty to Steven Santini for Tripping.
6:31 of 1st period - Henrik Samuelsson wins face-off versus Matt Duchene in Rangers zone.
7:08 of 1st period - Snap shot by Pavel Buchnevich.
7:08 of 1st period - Shot Misses the Net.
7:10 of 1st period - Backhand shot by Danny DeKeiser.
7:10 of 1st period - Stopped by Samuel Montembeault without a rebound.
7:11 of 1st period - Henrik Samuelsson wins face-off versus Pavel Buchnevich in Rangers zone.
7:22 of 1st period - Wrist shot by Drake Batherson.
7:22 of 1st period - Shot Blocked by Dmitry Kulikov.
7:58 of 1st period - Slapshot by Aleksander Barkov.
7:58 of 1st period - Shot Blocked by Cale Makar.
8:08 of 1st period - Aleksander Barkov is hit by Henrik Samuelsson and loses puck.
8:25 of 1st period - Snap shot by Milan Lucic.
8:25 of 1st period - Deflect By Henrik Samuelsson.
8:25 of 1st period - Shot Blocked by Drake Batherson.
8:25 of 1st period - Puck is out of play.
8:26 of 1st period - Sean Couturier wins face-off versus Tyler Toffoli in Panthers zone.
8:30 of 1st period - Penalty to Steven Santini is over, Steven Santini is back on ice.
8:33 of 1st period - Slapshot by Jake McCabe.
8:33 of 1st period - Shot Blocked by Niklas Hansson.
8:43 of 1st period - Slapshot by Sean Couturier.
8:43 of 1st period - Stopped by Brandon Halverson without a rebound.
8:44 of 1st period - Dominik Kahun wins face-off versus Tomas Hertl in Panthers zone.
8:49 of 1st period - Snap shot by Dominik Kahun.
8:49 of 1st period - Shot Misses the Net.
9:11 of 1st period - Steven Santini is hit by Tyler Toffoli and loses puck.
9:34 of 1st period - Sean Couturier is hit by Alex Pietrangelo and loses puck.
10:03 of 1st period - Matt Duchene is hit by David Pope and loses puck.
10:29 of 1st period - Pavel Buchnevich is hit by Samuel Blais and loses puck.
10:51 of 1st period - Slapshot by Miro Aaltonen.
10:51 of 1st period - Shot Misses the Net.
12:37 of 1st period - Minor Penalty to Dmitry Kulikov for Slashing.
12:38 of 1st period - Henrik Samuelsson wins face-off versus Matt Duchene in Rangers zone.
12:38 of 1st period - Henrik Samuelsson is hit by Tyler Toffoli.
13:15 of 1st period - Icing by Pavel Buchnevich.
13:16 of 1st period - Henrik Samuelsson wins face-off versus Aleksander Barkov in Panthers zone.
13:19 of 1st period - Snap shot by Milan Lucic.
13:19 of 1st period - Stopped by Brandon Halverson with a rebound.
13:59 of 1st period - Sean Couturier is hit by Griffin Reinhart and loses puck.
14:37 of 1st period - Penalty to Dmitry Kulikov is over, Dmitry Kulikov is back on ice.
14:48 of 1st period - Icing by Niklas Hansson.
14:49 of 1st period - Miro Aaltonen wins face-off versus Tomas Hertl in Panthers zone.
14:54 of 1st period - Wrist shot by Jordan Szwarz.
14:54 of 1st period - Stopped by Samuel Montembeault with a rebound.
14:56 of 1st period - Snap shot by Danny DeKeiser.
14:56 of 1st period - Stopped by Samuel Montembeault with a rebound.
14:58 of 1st period - Snap shot by Miro Aaltonen.
14:58 of 1st period - Shot Misses the Net.
15:00 of 1st period - Snap shot by Jordan Szwarz.
15:00 of 1st period - Shot Misses the Net.
15:02 of 1st period - Slapshot by Danny DeKeiser.
15:02 of 1st period - Shot Misses the Net.
15:04 of 1st period - Slapshot by Danny DeKeiser.
15:04 of 1st period - Shot Misses the Net.
15:06 of 1st period - Slapshot by Nikolay Goldobin.
15:06 of 1st period - Goal by Nikolay Goldobin - Panthers : 1 - Rangers : 0.
15:07 of 1st period - Sean Couturier wins face-off versus Tyler Toffoli in neutral zone.
15:16 of 1st period - Snap shot by Derick Brassard.
15:16 of 1st period - Shot Misses the Net.
15:54 of 1st period - Aleksander Barkov is hit by Dmitry Kulikov and loses puck.
16:18 of 1st period - Slapshot by Pavel Buchnevich.
16:18 of 1st period - Stopped by Samuel Montembeault without a rebound.
16:19 of 1st period - Sean Couturier wins face-off versus Tyler Toffoli in Rangers zone.
16:43 of 1st period - Icing by Devante Smith-Pelly.
16:44 of 1st period - Miro Aaltonen wins face-off versus Casey Mittelstadt in Rangers zone.
16:47 of 1st period - Slapshot by Jordan Szwarz.
16:47 of 1st period - Goal by Jordan Szwarz - Panthers : 2 - Rangers : 0.
16:48 of 1st period - Sean Couturier wins face-off versus Tyler Toffoli in neutral zone.
16:55 of 1st period - Snap shot by Devante Smith-Pelly.
16:55 of 1st period - Stopped by Brandon Halverson with a rebound.
16:57 of 1st period - Wrist shot by Milan Lucic.
16:57 of 1st period - Shot Blocked by Alex Pietrangelo.
16:59 of 1st period - Slapshot by Jake McCabe.
16:59 of 1st period - Deflect By Milan Lucic.
16:59 of 1st period - Stopped by Brandon Halverson with a rebound.
17:01 of 1st period - Wrist shot by Sean Couturier.
17:01 of 1st period - Stopped by Brandon Halverson with a rebound.
17:03 of 1st period - Snap shot by Milan Lucic.
17:03 of 1st period - Stopped by Brandon Halverson with a rebound.
17:05 of 1st period - Snap shot by Sean Couturier.
17:05 of 1st period - Shot Misses the Net.
17:15 of 1st period - Tomas Hertl is hit by Pavel Buchnevich and loses puck.
17:24 of 1st period - Slapshot by Cale Makar.
17:24 of 1st period - Stopped by Brandon Halverson with a rebound.
17:26 of 1st period - Slapshot by Mikhail Sergachev.
17:26 of 1st period - Stopped by Brandon Halverson with a rebound.
17:48 of 1st period - Wrist shot by Henrik Samuelsson.
17:48 of 1st period - Shot Misses the Net.
17:50 of 1st period - Slapshot by Patrik Nemeth.
17:50 of 1st period - Stopped by Brandon Halverson without a rebound.
17:51 of 1st period - Matt Duchene wins face-off versus Sean Couturier in Panthers zone.
18:14 of 1st period - Icing by Filip Hronek.
18:15 of 1st period - Aleksander Barkov wins face-off versus Tomas Hertl in Panthers zone.
18:44 of 1st period - Wrist shot by Sean Couturier.
18:44 of 1st period - Shot Misses the Net.
18:46 of 1st period - Slapshot by Milan Lucic.
18:46 of 1st period - Goal by Milan Lucic - Panthers : 2 - Rangers : 1.
18:47 of 1st period - Matt Duchene wins face-off versus Sean Couturier in neutral zone.
19:10 of 1st period - Minor Penalty to Milan Lucic for Roughing.
19:11 of 1st period - Matt Duchene wins face-off versus Henrik Samuelsson in Rangers zone.
Goals for this period are 2 for Panthers vs 1 for Rangers.
Shots for this period are 7 for Panthers vs 14 for Rangers.
2nd period
0:01 of 2nd period - Derick Brassard wins face-off versus Henrik Samuelsson in neutral zone.
0:04 of 2nd period - Slapshot by Alex Pietrangelo.
0:04 of 2nd period - Shot Misses the Net.
0:06 of 2nd period - Slapshot by Alex Pietrangelo.
0:06 of 2nd period - Shot Blocked by Ryan Strome.
1:10 of 2nd period - Penalty to Milan Lucic is over, Milan Lucic is back on ice.
1:17 of 2nd period - Drake Batherson is hit by Tomas Hertl and loses puck.
1:30 of 2nd period - Jake McCabe is hit by Dominik Kahun.
2:42 of 2nd period - Snap shot by Milan Lucic.
2:42 of 2nd period - Shot Blocked by Matt Duchene.
2:44 of 2nd period - Wrist shot by Milan Lucic.
2:44 of 2nd period - Shot Misses the Net.
2:46 of 2nd period - Snap shot by Devante Smith-Pelly.
2:46 of 2nd period - Goal by Devante Smith-Pelly - Panthers : 2 - Rangers : 2.
2:47 of 2nd period - Casey Mittelstadt wins face-off versus Matt Duchene in neutral zone.
3:12 of 2nd period - Pavel Buchnevich is hit by Ondrej Palat and loses puck.
3:21 of 2nd period - Slapshot by Pavel Buchnevich.
3:21 of 2nd period - Stopped by Samuel Montembeault with a rebound.
3:23 of 2nd period - Wrist shot by Pavel Buchnevich.
3:23 of 2nd period - Stopped by Samuel Montembeault with a rebound.
4:02 of 2nd period - Wrist shot by Matt Duchene.
4:02 of 2nd period - Goal by Matt Duchene - Panthers : 3 - Rangers : 2.
4:03 of 2nd period - Sean Couturier wins face-off versus Matt Duchene in neutral zone.
4:07 of 2nd period - Snap shot by Jake McCabe.
4:07 of 2nd period - Stopped by Brandon Halverson without a rebound.
4:08 of 2nd period - Sean Couturier wins face-off versus Matt Duchene in Panthers zone.
4:57 of 2nd period - Snap shot by Cale Makar.
4:57 of 2nd period - Shot Misses the Net.
4:59 of 2nd period - Slapshot by Jake McCabe.
4:59 of 2nd period - Stopped by Brandon Halverson without a rebound.
5:00 of 2nd period - Tomas Hertl wins face-off versus Matt Duchene in Panthers zone.
5:03 of 2nd period - Wrist shot by Tomas Hertl.
5:03 of 2nd period - Shot Blocked by Danny DeKeiser.
5:05 of 2nd period - Snap shot by Ondrej Palat.
5:05 of 2nd period - Stopped by Brandon Halverson without a rebound.
5:06 of 2nd period - Sean Couturier wins face-off versus Matt Duchene in Panthers zone.
5:07 of 2nd period - Snap shot by Devante Smith-Pelly.
5:07 of 2nd period - Stopped by Brandon Halverson without a rebound.
5:08 of 2nd period - Sean Couturier wins face-off versus Derick Brassard in Panthers zone.
5:10 of 2nd period - Penalty Shot by Filip Hronek for Panthers.
5:10 of 2nd period - Snap shot by Filip Hronek.
5:10 of 2nd period - Stopped by Samuel Montembeault.
5:11 of 2nd period - Sean Couturier wins face-off versus Matt Duchene in Panthers zone.
5:25 of 2nd period - Icing by Milan Lucic.
5:26 of 2nd period - Sean Couturier wins face-off versus Matt Duchene in Rangers zone.
5:33 of 2nd period - Snap shot by Milan Lucic.
5:33 of 2nd period - Shot Blocked by Tyler Toffoli.
5:55 of 2nd period - Cale Makar is hit by Alex Pietrangelo and loses puck.
6:06 of 2nd period - Slapshot by Devante Smith-Pelly.
6:06 of 2nd period - Shot Blocked by Alex Pietrangelo.
6:22 of 2nd period - Wrist shot by Milan Lucic.
6:22 of 2nd period - Stopped by Brandon Halverson with a rebound.
6:24 of 2nd period - Slapshot by Cale Makar.
6:24 of 2nd period - Shot Misses the Net.
6:26 of 2nd period - Slapshot by Cale Makar.
6:26 of 2nd period - Shot Blocked by Niklas Hansson.
6:40 of 2nd period - Snap shot by Sean Couturier.
6:40 of 2nd period - Stopped by Brandon Halverson with a rebound.
6:42 of 2nd period - Snap shot by Jake McCabe.
6:42 of 2nd period - Stopped by Brandon Halverson with a rebound.
6:44 of 2nd period - Slapshot by Milan Lucic.
6:44 of 2nd period - Shot Misses the Net.
6:48 of 2nd period - Slapshot by Cale Makar.
6:48 of 2nd period - Shot Misses the Net.
6:50 of 2nd period - Slapshot by Jake McCabe.
6:50 of 2nd period - Stopped by Brandon Halverson with a rebound.
6:52 of 2nd period - Snap shot by Sean Couturier.
6:52 of 2nd period - Stopped by Brandon Halverson with a rebound.
6:54 of 2nd period - Snap shot by Milan Lucic.
6:54 of 2nd period - Stopped by Brandon Halverson with a rebound.
6:56 of 2nd period - Snap shot by Sean Couturier.
6:56 of 2nd period - Shot Misses the Net.
7:02 of 2nd period - Slapshot by Cale Makar.
7:02 of 2nd period - Shot Misses the Net.
7:42 of 2nd period - Cale Makar is hit by Matt Duchene and loses puck.
7:56 of 2nd period - Minor Penalty to Niklas Hansson for Hooking.
7:57 of 2nd period - Miro Aaltonen wins face-off versus Tomas Hertl in Panthers zone.
8:03 of 2nd period - Backhand shot by Jordan Szwarz.
8:03 of 2nd period - Shot Blocked by Ryan Strome.
9:41 of 2nd period - Griffin Reinhart is hit by Ryan Strome and loses puck.
9:56 of 2nd period - Penalty to Niklas Hansson is over, Niklas Hansson is back on ice.
10:09 of 2nd period - Miro Aaltonen is hit by Henrik Samuelsson and loses puck.
10:28 of 2nd period - Ryan Strome is hit by Dominik Kahun and loses puck.
10:44 of 2nd period - Icing by Tomas Hertl.
10:45 of 2nd period - Henrik Samuelsson wins face-off versus Aleksander Barkov in Rangers zone.
11:00 of 2nd period - David Pope is hit by Jordan Szwarz and loses puck.
12:11 of 2nd period - Off-side.
12:12 of 2nd period - Matt Duchene wins face-off versus Henrik Samuelsson in neutral zone.
12:17 of 2nd period - Snap shot by Matt Duchene.
12:17 of 2nd period - Stopped by Samuel Montembeault with a rebound.
12:37 of 2nd period - Filip Hronek is hit by Tomas Hertl and loses puck.
14:09 of 2nd period - Snap shot by Ondrej Palat.
14:09 of 2nd period - Stopped by Brandon Halverson with a rebound.
14:41 of 2nd period - Griffin Reinhart is hit by Cale Makar and loses puck.
15:17 of 2nd period - Slapshot by Dmitry Kulikov.
15:17 of 2nd period - Goal by Dmitry Kulikov - Panthers : 3 - Rangers : 3.
15:18 of 2nd period - Matt Duchene wins face-off versus Tomas Hertl in neutral zone.
15:30 of 2nd period - Backhand shot by Alex Pietrangelo.
15:30 of 2nd period - Stopped by Samuel Montembeault with a rebound.
15:32 of 2nd period - Slapshot by Alex Pietrangelo.
15:32 of 2nd period - Stopped by Samuel Montembeault without a rebound.
15:33 of 2nd period - Aleksander Barkov wins face-off versus Sean Couturier in Rangers zone.
15:34 of 2nd period - Snap shot by Pavel Buchnevich.
15:34 of 2nd period - Shot Misses the Net.
15:47 of 2nd period - Snap shot by Devante Smith-Pelly.
15:47 of 2nd period - Shot Blocked by Danny DeKeiser.
15:49 of 2nd period - Backhand shot by Devante Smith-Pelly.
15:49 of 2nd period - Shot Misses the Net.
16:42 of 2nd period - Slapshot by Alex Pietrangelo.
16:42 of 2nd period - Stopped by Samuel Montembeault with a rebound.
16:44 of 2nd period - Snap shot by Dmitrij Jaskin.
16:44 of 2nd period - Stopped by Samuel Montembeault with a rebound.
16:54 of 2nd period - Wrist shot by Chris Bourque.
16:54 of 2nd period - Stopped by Samuel Montembeault with a rebound.
17:00 of 2nd period - Minor Penalty to Henrik Samuelsson for Delaying the game.
17:01 of 2nd period - Matt Duchene wins face-off versus Ryan Strome in Rangers zone.
17:06 of 2nd period - Slapshot by Derick Brassard.
17:06 of 2nd period - Deflect By Jake McCabe.
17:06 of 2nd period - Stopped by Samuel Montembeault with a rebound.
17:08 of 2nd period - Snap shot by Matt Duchene.
17:08 of 2nd period - Stopped by Samuel Montembeault without a rebound.
17:09 of 2nd period - Matt Duchene wins face-off versus Ryan Strome in Rangers zone.
17:32 of 2nd period - Wrist shot by Matt Duchene.
17:32 of 2nd period - Stopped by Samuel Montembeault with a rebound.
17:34 of 2nd period - Snap shot by Alex Pietrangelo.
17:34 of 2nd period - Deflect By Matt Duchene.
17:34 of 2nd period - Shot Blocked by Milan Lucic.
17:34 of 2nd period - Puck is out of play.
17:35 of 2nd period - Casey Mittelstadt wins face-off versus Aleksander Barkov in Rangers zone.
17:42 of 2nd period - Slapshot by Steven Santini.
17:42 of 2nd period - Stopped by Brandon Halverson with a rebound.
17:44 of 2nd period - Slapshot by Steven Santini.
17:44 of 2nd period - Shot Blocked by Niklas Hansson.
17:46 of 2nd period - Snap shot by Milan Lucic.
17:46 of 2nd period - Stopped by Brandon Halverson without a rebound.
17:47 of 2nd period - Matt Duchene wins face-off versus Ryan Strome in Panthers zone.
18:14 of 2nd period - Derick Brassard is hit by Milan Lucic and loses puck.
19:00 of 2nd period - Penalty to Henrik Samuelsson is over, Henrik Samuelsson is back on ice.
19:22 of 2nd period - Slapshot by Derick Brassard.
19:22 of 2nd period - Shot Misses the Net.
19:24 of 2nd period - Snap shot by Derick Brassard.
19:24 of 2nd period - Shot Misses the Net.
19:26 of 2nd period - Slapshot by Danny DeKeiser.
19:26 of 2nd period - Deflect By Matt Duchene.
19:26 of 2nd period - Shot Blocked by Henrik Samuelsson.
19:26 of 2nd period - Puck is out of play.
19:27 of 2nd period - Tomas Hertl wins face-off versus Pavel Buchnevich in Rangers zone.
19:43 of 2nd period - Minor Penalty to Drake Batherson for Tripping.
19:44 of 2nd period - Aleksander Barkov wins face-off versus Tomas Hertl in Panthers zone.
19:57 of 2nd period - Slapshot by Devante Smith-Pelly.
19:57 of 2nd period - Deflect By Ondrej Palat.
19:57 of 2nd period - Stopped by Brandon Halverson without a rebound.
19:58 of 2nd period - Sean Couturier wins face-off versus Aleksander Barkov in Panthers zone.
Goals for this period are 1 for Panthers vs 2 for Rangers.
Shots for this period are 12 for Panthers vs 16 for Rangers.
3rd period
0:01 of 3rd period - Aleksander Barkov wins face-off versus Sean Couturier in neutral zone.
0:11 of 3rd period - Off-side.
0:12 of 3rd period - Aleksander Barkov wins face-off versus Sean Couturier in neutral zone.
1:03 of 3rd period - Radim Simek is hit by Sean Couturier and loses puck.
1:43 of 3rd period - Penalty to Drake Batherson is over, Drake Batherson is back on ice.
3:08 of 3rd period - Dmitrij Jaskin is hit by Milan Lucic and loses puck.
3:25 of 3rd period - Snap shot by Drake Batherson.
3:25 of 3rd period - Shot Blocked by Connor Chatam.
3:35 of 3rd period - Dominik Kahun is hit by Mikhail Sergachev.
3:59 of 3rd period - Patrik Nemeth is hit by Miro Aaltonen and loses puck.
4:15 of 3rd period - Aleksander Barkov is hit by Ondrej Palat and loses puck.
4:33 of 3rd period - Devante Smith-Pelly is hit by Derick Brassard.
4:37 of 3rd period - Sean Couturier is hit by Matt Duchene and loses puck.
4:50 of 3rd period - Dominik Kahun is hit by Jake McCabe and loses puck.
5:09 of 3rd period - Mikhail Sergachev is hit by Pavel Buchnevich and loses puck.
5:20 of 3rd period - Nikolay Goldobin is hit by Mikhail Sergachev.
5:40 of 3rd period - Griffin Reinhart is hit by Casey Mittelstadt and loses puck.
5:53 of 3rd period - Patrik Nemeth is hit by Chris Bourque and loses puck.
6:14 of 3rd period - Mikhail Sergachev is hit by Pavel Buchnevich and loses puck.
6:52 of 3rd period - Icing by Nikolay Goldobin.
6:53 of 3rd period - Miro Aaltonen wins face-off versus Casey Mittelstadt in Panthers zone.
6:53 of 3rd period - Miro Aaltonen is hit by Connor Chatam.
7:47 of 3rd period - Snap shot by Miro Aaltonen.
7:47 of 3rd period - Stopped by Samuel Montembeault without a rebound.
7:48 of 3rd period - Tomas Hertl wins face-off versus Miro Aaltonen in Rangers zone.
7:48 of 3rd period - Tomas Hertl is hit by Niklas Hansson.
8:14 of 3rd period - Sean Couturier is hit by Niklas Hansson and loses puck.
8:21 of 3rd period - Wrist shot by Matt Duchene.
8:21 of 3rd period - Deflect By Derick Brassard.
8:21 of 3rd period - Stopped by Samuel Montembeault with a rebound.
8:23 of 3rd period - Snap shot by Tyler Toffoli.
8:23 of 3rd period - Shot Blocked by Milan Lucic.
8:25 of 3rd period - Slapshot by Tyler Toffoli.
8:25 of 3rd period - Shot Misses the Net.
8:27 of 3rd period - Snap shot by Tyler Toffoli.
8:27 of 3rd period - Deflect By Derick Brassard.
8:27 of 3rd period - Shot Misses the Net.
8:27 of 3rd period - Puck is out of play.
8:28 of 3rd period - Aleksander Barkov wins face-off versus Tomas Hertl in Rangers zone.
8:55 of 3rd period - Cale Makar is hit by Matt Duchene and loses puck.
9:52 of 3rd period - Icing by Jake McCabe.
9:53 of 3rd period - Oliver Bjorkstrand wins face-off versus Matt Duchene in Rangers zone.
9:53 of 3rd period - Oliver Bjorkstrand is hit by Matt Duchene.
10:09 of 3rd period - Slapshot by Cale Makar.
10:09 of 3rd period - Shot Blocked by Radim Simek.
10:11 of 3rd period - Snap shot by David Pope.
10:11 of 3rd period - Shot Misses the Net.
10:13 of 3rd period - Slapshot by Jake McCabe.
10:13 of 3rd period - Stopped by Brandon Halverson with a rebound.
10:15 of 3rd period - Wrist shot by Henrik Samuelsson.
10:15 of 3rd period - Stopped by Brandon Halverson with a rebound.
10:17 of 3rd period - Snap shot by Oliver Bjorkstrand.
10:17 of 3rd period - Shot Misses the Net.
10:19 of 3rd period - Snap shot by David Pope.
10:19 of 3rd period - Deflect By Oliver Bjorkstrand.
10:19 of 3rd period - Shot Blocked by Tyler Toffoli.
10:19 of 3rd period - Puck is out of play.
10:20 of 3rd period - Sean Couturier wins face-off versus Aleksander Barkov in Panthers zone.
10:52 of 3rd period - Minor Penalty to Milan Lucic for Hooking.
10:53 of 3rd period - Henrik Samuelsson wins face-off versus Matt Duchene in Rangers zone.
11:27 of 3rd period - Wrist shot by Aleksander Barkov.
11:27 of 3rd period - Stopped by Samuel Montembeault without a rebound.
11:28 of 3rd period - Derick Brassard wins face-off versus Henrik Samuelsson in Rangers zone.
11:29 of 3rd period - Wrist shot by Matt Duchene.
11:29 of 3rd period - Stopped by Samuel Montembeault with a rebound.
11:41 of 3rd period - David Pope is hit by Derick Brassard.
12:52 of 3rd period - Penalty to Milan Lucic is over, Milan Lucic is back on ice.
13:14 of 3rd period - Wrist shot by Jordan Szwarz.
13:14 of 3rd period - Shot Misses the Net.
13:16 of 3rd period - Snap shot by Nikolay Goldobin.
13:16 of 3rd period - Shot Blocked by Dmitry Kulikov.
13:18 of 3rd period - Wrist shot by Jordan Szwarz.
13:18 of 3rd period - Deflect By Miro Aaltonen.
13:18 of 3rd period - Shot Blocked by Tomas Hertl.
13:18 of 3rd period - Puck is out of play.
13:19 of 3rd period - Sean Couturier wins face-off versus Aleksander Barkov in Rangers zone.
13:28 of 3rd period - Drake Batherson is hit by Milan Lucic and loses puck.
13:35 of 3rd period - Snap shot by Milan Lucic.
13:35 of 3rd period - Stopped by Brandon Halverson with a rebound.
13:56 of 3rd period - Snap shot by Drake Batherson.
13:56 of 3rd period - Shot Blocked by Cale Makar.
13:58 of 3rd period - Snap shot by Pavel Buchnevich.
13:58 of 3rd period - Stopped by Samuel Montembeault with a rebound.
14:10 of 3rd period - Snap shot by Aleksander Barkov.
14:10 of 3rd period - Shot Blocked by Jake McCabe.
14:12 of 3rd period - Slapshot by Filip Hronek.
14:12 of 3rd period - Stopped by Samuel Montembeault with a rebound.
14:26 of 3rd period - Wrist shot by Pavel Buchnevich.
14:26 of 3rd period - Stopped by Samuel Montembeault without a rebound.
14:27 of 3rd period - Matt Duchene wins face-off versus Sean Couturier in Rangers zone.
14:32 of 3rd period - Snap shot by Matt Duchene.
14:32 of 3rd period - Deflect By Dmitry Kulikov.
14:32 of 3rd period - Stopped by Samuel Montembeault with a rebound.
14:34 of 3rd period - Snap shot by Derick Brassard.
14:34 of 3rd period - Stopped by Samuel Montembeault with a rebound.
14:41 of 3rd period - Icing by Dmitry Kulikov.
14:42 of 3rd period - Matt Duchene wins face-off versus Milan Lucic in Rangers zone.
14:43 of 3rd period - Wrist shot by Tyler Toffoli.
14:43 of 3rd period - Stopped by Samuel Montembeault without a rebound.
14:44 of 3rd period - Sean Couturier wins face-off versus Matt Duchene in Rangers zone.
14:44 of 3rd period - Sean Couturier is hit by Derick Brassard.
15:10 of 3rd period - Nikolay Goldobin is hit by Mikhail Sergachev and loses puck.
15:18 of 3rd period - Off-side.
15:19 of 3rd period - Miro Aaltonen wins face-off versus Sean Couturier in neutral zone.
16:00 of 3rd period - Snap shot by Matt Duchene.
16:00 of 3rd period - Stopped by Samuel Montembeault with a rebound.
16:02 of 3rd period - Slapshot by Filip Hronek.
16:02 of 3rd period - Stopped by Samuel Montembeault without a rebound.
16:03 of 3rd period - Dmitrij Jaskin wins face-off versus Tomas Hertl in Rangers zone.
16:09 of 3rd period - Minor Penalty to Ryan Strome for Holding Stick.
16:10 of 3rd period - Matt Duchene wins face-off versus Henrik Samuelsson in Rangers zone.
18:09 of 3rd period - Penalty to Ryan Strome is over, Ryan Strome is back on ice.
18:41 of 3rd period - Milan Lucic is hit by Chris Bourque and loses puck.
18:56 of 3rd period - Drake Batherson is hit by Steven Santini and loses puck.
19:42 of 3rd period - Icing by Niklas Hansson.
19:43 of 3rd period - Aleksander Barkov wins face-off versus Sean Couturier in Panthers zone.
Goals for this period are 0 for Panthers vs 0 for Rangers.
Shots for this period are 12 for Panthers vs 3 for Rangers.
Overtime #1
0:01 of 1st overtime period - Sean Couturier wins face-off versus Aleksander Barkov in neutral zone.
0:04 of 1st overtime period - Slapshot by Cale Makar.
0:04 of 1st overtime period - Stopped by Brandon Halverson without a rebound.
0:05 of 1st overtime period - Matt Duchene wins face-off versus Sean Couturier in Panthers zone.
0:59 of 1st overtime period - Slapshot by Ryan Strome.
0:59 of 1st overtime period - Deflect By Ondrej Palat.
0:59 of 1st overtime period - Shot Misses the Net.
0:59 of 1st overtime period - Puck is out of play.
1:00 of 1st overtime period - Matt Duchene wins face-off versus Ondrej Palat in Panthers zone.
1:25 of 1st overtime period - Drake Batherson is hit by Milan Lucic and loses puck.
1:40 of 1st overtime period - Wrist shot by Tomas Hertl.
1:40 of 1st overtime period - Stopped by Brandon Halverson with a rebound.
2:19 of 1st overtime period - Snap shot by Devante Smith-Pelly.
2:19 of 1st overtime period - Shot Blocked by Alex Pietrangelo.
2:35 of 1st overtime period - Aleksander Barkov is hit by Sean Couturier.
2:56 of 1st overtime period - Icing by Ondrej Palat.
2:57 of 1st overtime period - Devante Smith-Pelly wins face-off versus Aleksander Barkov in Rangers zone.
3:10 of 1st overtime period - Drake Batherson is hit by Jake McCabe and loses puck.
3:22 of 1st overtime period - Off-side.
3:23 of 1st overtime period - Matt Duchene wins face-off versus Tomas Hertl in neutral zone.
4:01 of 1st overtime period - Slapshot by Drake Batherson.
4:01 of 1st overtime period - Goal by Drake Batherson - Panthers : 4 - Rangers : 3.
Goals for this period are 1 for Panthers vs 0 for Rangers.
Shots for this period are 1 for Panthers vs 2 for Rangers.
Output by the SimonT Hockey Simulator (STHS) for Francois Prevost